 Dungeon Crawl Stone Soup version 0.28-a0-8-g6e044cfa68 (webtiles) character file.

Game seed: 12915833842688521137

293 Goblin1989 the Sneak (level 6, -3/47 HPs)
             Began as a Demonspawn Delver on July 24, 2021.
             Slain by an iguana (8 damage)
             ... on level 5 of the Dungeon.
             The game lasted 00:07:41 (5044 turns).

Goblin1989 the Sneak (Demonspawn Delver)            Turns: 5044, Time: 00:07:41

Health: -3/47      AC:  3    Str: 12    XL:     6   Next: 11%
Magic:  6/6        EV: 12    Int: 11    God:
Gold:   97         SH:  0    Dex: 17    Spells: 5/5 levels left

rFire   . . .      SeeInvis .   a - +0 short sword
rCold   . . .      Faith    .   (no shield)
rNeg    . . .      Spirit   .   b - +0 leather armour
rPois   .          Reflect  .   (helmet restricted)
rElec   .          Harm     .   (no cloak)
rCorr   .          Rampage  .   (no gloves)
Will    .....                   (no boots)
Stlth   +++.......              (no amulet)
HPRegen 0.15/turn               (no ring)
MPRegen 0.10/turn               (no ring)

@: no status effects
A: antennae 1, sturdy frame 1
a: no special abilities


You were on level 5 of the Dungeon.
You visited 1 branch of the dungeon, and saw 5 of its levels.

You collected 97 gold pieces.

Inventory:

Hand Weapons
 a - a +0 short sword (weapon)
Armour
 b - a +0 leather armour (worn)
Scrolls
 c - 2 scrolls of fog
 M - a scroll of magic mapping
 O - a scroll of identify {unknown}
 S - 2 scrolls of amnesia {unknown}
 T - 2 scrolls of teleportation {unknown}
Potions
 N - a potion of magic {unknown}
 P - a potion of lignification {unknown}
 Q - a potion of brilliance {unknown}
 R - a potion of invisibility {unknown}
 U - a potion of flight {unknown}
 V - a potion of berserk rage {unknown}
 W - a potion of curing {unknown}
 X - a potion of degeneration {unknown}
 Y - a potion of might {unknown}


   Skills:
 - Level 3.0 Fighting
 * Level 4.9 Short Blades
 - Level 1.7 Dodging
 + Level 5.7 Stealth


You had 5 spell levels left.
You didn't know any spells.
Your spell library contained the following spells:

 Spells                   Type           Power      Damage    Failure   Level
 Corpse Rot               Necr/Air       N/A        N/A       50%         2
 Dispel Undead            Necr           0%         3d6       98%         4
 Death Channel            Necr           0%         N/A       100%        6


Dungeon Overview and Level Annotations

Branches:
Dungeon (5/15)
 Temple: D:4-7

Altars:
Fedhas
Ru

Annotations:
D:2 1 runed translucent door, Crazy Yiuf
D:3 2 runed translucent doors, Manslay's ghost, amateur HuCj
D:5 3 runed translucent doors, quino's ghost, weakling GnDe


Innate Abilities, Weirdness & Mutations

You have a pair of small antennae on your head.
Your movements are slightly less encumbered by armour. (ER -2)


Message History

Y - a murky purple potion You fall into a shaft and drop 1 floor!
The shaft crumbles and collapses.
Level annotation: 3 runed translucent doors, quino's ghost, weakling GnDe An orc comes into view.
It is wielding a +0 flail.
The orc shouts!
An orc wizard comes into view. It is wielding a +0 dagger.
The orc wizard shouts!
A gnoll comes into view. It is wielding a +0 halberd.
The gnoll shouts!
A gnoll comes into view. It is wielding a +0 club.
The gnoll shouts!
An iguana comes into view.
The iguana hisses angrily.
An orc comes into view. It is wielding a +0 trident.
The orc shouts!
You hear a shout!
A gnoll shaman comes into view. It is wielding a +0 club.
The iguana bites you.
A gnoll comes into view. It is wielding a +0 halberd.
A gnoll comes into view. It is wielding a +0 club.
A gnoll comes into view. It is wielding a +0 flail.
The gnoll completely misses you.
The gnoll shaman shouts!
The gnoll shouts! x2
You take 1 damage, and have 46/47 hp.
The orc wizard hits you with a +0 dagger.
The orc wizard gestures at you while chanting.
The magic dart hits you.
You take 6 damage, and have 40/47 hp.
The orc wizard mumbles some strange words.
The orc wizard flickers and vanishes!
Deactivating autopickup; reactivate with Ctrl-A.
Aiming: Dig
Press: ? - help, Shift-Dir - straight line A rock wall.
The rock shatters into small pieces.
The gnoll hits you with a +0 flail!
You take 11 damage, and have 29/47 hp.
MASSIVE DAMAGE!!
Unknown command.
Aiming: Dig
Press: ? - help, Shift-Dir - straight line A rock wall.
The rock shatters into small pieces.
The now-empty wand crumbles to dust.
The gnoll closely misses you.
You hit the gnoll but do no damage. The gnoll completely misses you.
You hit the gnoll.
The gnoll is lightly wounded.
The gnoll closely misses you.
You hit the gnoll but do no damage.
The gnoll is lightly wounded.
The gnoll hits you with a +0 flail.
You take 1 damage, and have 29/47 hp.
You barely miss the gnoll.
The gnoll is lightly wounded.
You hit the gnoll.
The gnoll is heavily wounded.
The gnoll hits you with a +0 flail!
You take 7 damage, and have 22/47 hp.
You hit the gnoll.
The gnoll is severely wounded.
The gnoll misses you.
You hit the gnoll but do no damage.
The gnoll is severely wounded.
The gnoll misses you.
Your leather armour prevents you from hitting the gnoll.
The gnoll is severely wounded.
The gnoll closely misses you.
You closely miss the gnoll.
The gnoll is severely wounded.
The gnoll closely misses you.
You hit the gnoll.
You kill the gnoll!
You hit the iguana but do no damage. You closely miss the iguana.
The iguana hisses menacingly.
The iguana closely misses you.
You closely miss the iguana. The iguana bites you.
* * * LOW HITPOINT WARNING * * *
You take 4 damage, and have 18/47 hp.
You hit the iguana but do no damage. The iguana closely misses you.
You barely miss the iguana. The iguana bites you!
* * * LOW HITPOINT WARNING * * *
You take 7 damage, and have 11/47 hp.
You hit the iguana but do no damage. You hit the iguana.
The iguana is moderately wounded.
The iguana completely misses you.
You hit the iguana but do no damage.
The iguana is moderately wounded.
The iguana completely misses you.
You hit the iguana but do no damage.
The iguana is moderately wounded.
The iguana bites you!
* * * LOW HITPOINT WARNING * * *
You take 7 damage, and have 4/47 hp.
You hit the iguana.
The iguana is heavily wounded.
The iguana bites you but does no damage.
You barely miss the iguana.
The iguana is heavily wounded.
The iguana bites you!
You die... ███ ██l██ █@█{██

█.███l██
█.█
██.██
█.█
██.██
█.█


██o██ █.█ ██.██ █.█ ██.█ ██ █.█ █.█ You could see an iguana.

Vanquished Creatures
  A necrophage (D:3)
  An orc priest (D:3)
  A hound (D:5)
  5 gnolls
  3 adders
  2 dart slugs
  5 orcs (D:3)
  10 bats
  3 endoplasms (D:1)
  A giant cockroach (D:1)
  10 goblins
  4 hobgoblins
  7 jackals
  2 ball pythons (D:1)
  A frilled lizard (D:2)
  10 kobolds
  5 rats
71 creatures vanquished.

Notes
Turn   | Place    | Note
-------+----------+-------------------------------------------
     0 | D:5      | Goblin1989 the Demonspawn Delver began the quest for the
                  | Orb.
     0 | D:5      | Reached XP level 1. HP: 18/18 MP: 1/1
     1 | D:5      | Found a sacrificial altar of Ru.
     6 | D:5      | Found a runed translucent gate.
     7 | D:5      | Found a runed translucent gate.
     7 | D:5      | Found a runed translucent gate.
     7 | D:5      | Noticed quino's ghost (weakling GnDe)
    15 | D:5      | Noticed an orc priest
    17 | D:5      | Identified the +0 leather armour of Noivy {rC+++ Str+2
                  | Int+5 Dex-2}
    32 | D:5      | Noticed an ogre
    35 | D:5      | Noticed a hound
    52 | D:5      | Killed a hound
    53 | D:5      | Gained mutation: You have a pair of small antennae on your
                  | head. [demonic ancestry]
    53 | D:5      | Reached XP level 2. HP: 9/24 MP: 2/2
   154 | D:5      | Noticed a sky beast
   158 | D:5      | Noticed a water moccasin
   172 | D:4      | Noticed a necrophage
   191 | D:3      | Reached XP level 3. HP: 24/29 MP: 3/3
   203 | D:3      | Found a large runed translucent door.
   203 | D:3      | Found a large runed translucent door.
   206 | D:3      | Noticed Manslay's ghost (amateur HuCj)
   895 | D:1      | Reached skill level 5 in Stealth
  1997 | D:1      | Reached XP level 4. HP: 10/35 MP: 4/4
  3272 | D:2      | Found a faded altar of an unknown god.
  3303 | D:2      | Found a runed translucent door.
  3304 | D:2      | Noticed Crazy Yiuf
  3543 | D:2      | Gained mutation: Your movements are slightly less
                  | encumbered by armour. (ER -2) [demonic ancestry]
  3543 | D:2      | Reached XP level 5. HP: 41/41 MP: 5/5
  3836 | D:3      | Found a blossoming altar of Fedhas.
  4676 | D:3      | Killed a necrophage
  4677 | D:3      | Reached XP level 6. HP: 10/47 MP: 6/6
  5006 | D:4      | You fall into a shaft and drop 1 floor!
  5044 | D:5      | Slain by an iguana

Illustrated notes

Levels and vault maps discovered:
D:1:      lemuel_arrival_behind_the_door_large, layout_basic
D:2:      minmay_chambers_of_ones, layout_basic,
          hellmonk_ecumenical_altar_inner_sanctum, minmay_stone_trees_small,
          uniq_crazy_yiuf_cottage
D:3:      layout_loops_ring, fedhas_altar_2, ebering_ghost_disaster_area,
          feat_on_display
D:4:      minmay_chambers_of_twos, layout_cave_pods, kennysheep_generic_room_6
D:5:      lemuel_castle_with_subvaults [lemuel_castle_interior_carwin_3],
          layout_rooms, nicolae_ru_awakened_eye, biasface_ghost_orc_armoury,
          minivault_19, water_boxes_lemuel, uniq_grinder

Skill      XL: |  1  2  3  4 |
---------------+-------------+-----
Short Blades   | 2 3 4 |  4.9
Stealth        | 5 |  5.7
Fighting       | |  3.0
Dodging        | |  1.7

Action                   |  1- 3 |  4- 6 || total
-------------------------+-------+-------++-------
Melee: Short sword       |   131 |   162 ||   293
Evoke: Wand              |     1 |     2 ||     3
  Use: Potion            |     1 |       ||     1
       Scroll            |     1 |       ||     1
 Stab: Sleeping          |     6 |     6 ||    12
       Distracted        |       |     1 ||     1
Armor: Leather armour    |    42 |    32 ||    74
Dodge: Dodged            |    83 |   106 ||   189

Table legend: (Time is in decaauts)
 A = Elapsed time spent in this place.
 B = Non-inter-level travel time spent in this place.
 C = Inter-level travel time spent in this place.
 D = Time resting spent in this place.
 E = Time spent auto-exploring this place.
 F = Levels seen in this place.
 G = Mean time per level.
                   A        B        C        D        E       F      G
               +--------+--------+--------+--------+--------+-----+--------+
         Total |   5015 |   4867 |    148 |   1889 |   2255 |   5 | 1003.0 |
       Dungeon |   5015 |   4867 |    148 |   1889 |   2255 |   5 | 1003.0 |
               +--------+--------+--------+--------+--------+-----+--------+

Top non-repeatable levels by time:
     D:1: 2576 daAuts
     D:3: 1287 daAuts
     D:2: 843 daAuts
     D:5: 207 daAuts
     D:4: 100 daAuts
